Cogmind - Beta 11 @@@ ROGUE MODE // 2022.04.09 @ 17:38:38 Player: Persona Result: Destroyed by S-43 Plague with Heavy Machine Gun Performance ------------- Evolutions (7) 3500 Regions Visited (14) 2800 Robots Destroyed (133) 665 Value Destroyed (4754) 4754 Prototype IDs (16) 320 Alien Tech Used (0) 0 Bonus (1146) 1146 TOTAL SCORE: 13185 Bonus ------- High Alert Combat Kills 442 Follower Combat Kills 359 Entered DSFs 500 Friendly Fire -155 Cogmind --------- Core Integrity 0/1300 Matter 183/300 Energy 100/100 System Corruption 0% Temperature Cool (0) Movement Core (50) Location -3/Research Parts ------- > --- POWER (3) -------- (None) > --- PROPULSION (6) --- (None) > --- UTILITY (9) ------ (None) > --- WEAPON (3) ------- (None) > --- INVENTORY (5) ---- Heavy Disruptor Cannon Compact HERF Cannon Advanced Plasma Cannon Peak State ------------ > --- POWER ------------ Angular Momentum Engine Backup Power VII > --- PROPULSION ------- Carbon-fiber Leg Improved Carbon-fiber Leg Improved Titanium Leg Improved Titanium Leg Improved Titanium Leg > --- UTILITY ---------- Advanced Heat Sink Large Storage Unit Improved Targeting Computer Thermal Shield Shock Absorption System Force Field > --- WEAPON ----------- Plasma Cannon Gauss Rifle > --- INVENTORY -------- Cooled Deuterium Engine Carbon-fiber Leg Advanced Heat Sink Medium Storage Unit Improved Terrain Scanner Transmission Jammer System Shield Gatling Laser Heavy Particle Cannon Flak Cannon Proton Missile Launcher Remote Datajack [Rating: 65] Favorites ----------- Power Cooled Deuterium Engine Engine Cooled Deuterium Engine Power Core Backup Power VII Propulsion Improved Titanium Leg Treads Light Treads Leg Improved Titanium Leg Wheel Armored Wheel Hover Unit Improved Gyrokinetic Inverter Flight Unit Field Propulsion Array Utility Improved Targeting Computer Device Advanced Heat Sink Storage Large Storage Unit Processor Improved Targeting Computer Hackware Hacking Suite Protection Hardened Medium Armor Plating Weapon Gatling Laser Energy Gun Gatling Laser Energy Cannon Plasma Cannon Ballistic Gun Gauss Rifle Ballistic Cannon Assault Cannon Launcher Missile Launcher Special Weapon Remote Datajack Build | -11 -10 -10 -9 -8 -7 -7 -7 -6 -6 -6 -5 -5 -4 -3 ------- Run | Scr Mat Min Mat Mat Fac Low Low Fac Low Low Fac DSF Fac Res Slots Evolved 14 | . . . 2 2 2 . . 2 . . 2 . 2 2 Power 2 | . . . . . . . . 1 . . . . . 1 Propulsion 4 | . . . 1 1 . . . 1 . . . . 1 . Utility 7 | . . . 1 1 2 . . . . . 1 . 1 1 Weapon 1 | . . . . . . . . . . . 1 . . . Parts Attached 170 | 7 13 3 32 28 29 4 . 13 12 10 5 7 2 5 Power 17 | 2 1 1 4 2 1 . . 1 . 2 . 2 1 . Engine 14 | 2 1 1 3 2 1 . . 1 . 2 . . 1 . Core 3 | . . . 1 . . . . . . . . 2 . . Reactor . | . . . . . . . . . . . . . . . Propulsion 51 | 2 3 1 15 10 9 . . 3 3 2 . 1 1 1 Treads 2 | . . . . . . . . . . 2 . . . . Leg 22 | . . . 3 4 9 . . 3 3 . . . . . Wheel 24 | 2 3 1 11 6 . . . . . . . . . 1 Hover 1 | . . . . . . . . . . . . . 1 . Flight 2 | . . . 1 . . . . . . . . 1 . . Utility 52 | . 5 . 5 8 9 3 . 8 5 3 5 . . 1 Device 32 | . 2 . 3 5 5 2 . 7 4 . 3 . . 1 Storage 3 | . 1 . 1 . . . . . . 1 . . . . Processor 6 | . 2 . 1 . 1 1 . . . . 1 . . . Hackware 2 | . . . . . 1 . . . . . 1 . . . Protection 9 | . . . . 3 2 . . 1 1 2 . . . . Artifact . | . . . . . . . . . . . . . . . Weapon 50 | 3 4 1 8 8 10 1 . 1 4 3 . 4 . 3 Energy Gun 18 | 3 3 . 6 3 2 . . 1 . . . . . . Energy Cannon 16 | . . . 2 1 5 . . . 1 2 . 3 . 2 Ballistic Gun 4 | . . 1 . 2 . 1 . . . . . . . . Ballistic Cannon 5 | . 1 . . 1 1 . . . 1 . . 1 . . Launcher 4 | . . . . 1 2 . . . 1 . . . . . Special Weapon 3 | . . . . . . . . . 1 1 . . . 1 Impact Weapon . | . . . . . . . . . . . . . . . Slashing Weapon . | . . . . . . . . . . . . . . . Piercing Weapon . | . . . . . . . . . . . . . . . Special Melee Weapon . | . . . . . . . . . . . . . . . Unidentified Prototypes 9 | . . . 4 2 . . . . . . 1 . 1 1 Parts Lost 54 | . 1 2 2 4 4 . . 7 12 7 1 12 . 2 Power 11 | . 1 . 2 1 1 . . . 1 2 . 3 . . Propulsion 16 | . . 1 . 2 . . . 3 4 2 . 3 . 1 Utility 17 | . . . . 1 2 . . 3 5 1 . 4 . 1 Weapon 10 | . . 1 . . 1 . . 1 2 2 1 2 . . Highest Loss Streak 7 | . 1 2 1 2 3 . . 4 7 4 1 6 . 1 To Critical Strikes . | . . . . . . . . . . . . . . . Average Slot Usage (%) 84 | . 90 92 97 98 96 98 100 91 77 65 57 31 9 3 Engine 7 | . 11 10 6 8 6 7 7 6 6 8 5 . 4 . Core 1 | . . . 3 . . . . 3 3 . . 4 . . Leg 15 | . . . 7 3 29 30 30 32 18 8 5 . . . Wheel 8 | . 28 24 24 31 . . . . . . . . . 1 Device 12 | . 2 . 11 9 12 13 15 13 19 13 14 7 . . Storage 7 | . 7 14 11 9 7 7 7 6 6 6 5 1 . . Processor 8 | . 11 14 11 9 9 13 15 10 6 6 8 4 . . Hackware 1 | . . . . . 7 7 7 . . . 1 4 . . Protection 2 | . . . . 8 4 1 . 2 1 3 1 . . . Energy Gun 6 | . 26 15 12 4 2 3 . . 6 4 . . . . Energy Cannon 4 | . . . 9 2 9 7 7 5 2 3 5 2 . . Ballistic Gun 1 | . . 12 . 4 . 3 7 6 . . . . . . Ballistic Cannon 1 | . 1 . . 6 1 . . . . . . 1 . . Naked Turns 129 | . . . . . . . . . . . . 23 12 94 Heaviest Build 70 | 8 19 17 35 52 60 58 44 62 57 70 53 34 12 15 Greatest Support 93 | 20 32 32 48 80 80 65 65 93 93 48 29 29 12 20 Greatest Overweight (x) 8 | . . 1 1 2 1 . . . 2 3 2 8 . 4 Average Overweight (x) . | . . . . . . . . . . 1 1 . . . Largest Inventory Capacity 15 | 5 10 10 15 15 15 15 15 15 15 15 10 10 5 5 Average Capacity 13 | 5 7 10 12 15 15 15 15 15 15 12 10 6 5 5 Most Carried 15 | 2 9 9 15 15 15 15 14 15 11 13 10 10 5 5 Average Carried 11 | . 6 6 11 14 14 14 14 12 9 9 9 5 5 4 Final Capacity 15 | 5 10 10 15 15 15 15 15 15 15 10 10 5 5 5 Final Carried 15 | 2 9 6 15 15 14 14 14 12 9 8 10 5 5 4 Class Distribution -------------------- 77% | Mutant 22% | Scavenger-Mutant Dominant Class ---------------- Mutant | -10/Materials Mutant | -10/Mines Mutant | -9/Materials Mutant | -8/Materials Scavenger-Mutant | -7/Factory Scavenger-Mutant | -7/Lower Caves Scavenger-Mutant | -7/Lower Caves Mutant | -6/Factory Mutant | -6/Lower Caves Mutant | -6/Lower Caves Mutant | -5/Factory Mutant | -5/DSF Mutant | -4/Factory Mutant | -3/Research Resources | -11 -10 -10 -9 -8 -7 -7 -7 -6 -6 -6 -5 -5 -4 -3 ----------- Run | Scr Mat Min Mat Mat Fac Low Low Fac Low Low Fac DSF Fac Res Matter Collected 2697 | 250 125 52 267 828 534 90 . 223 199 90 . 39 . . Remotely . | . . . . . . . . . . . . . . . Salvage Created 4956 | 49 424 94 885 984 1295 40 . 500 380 281 . 24 . . Parts 243 | 2 22 1 61 72 44 . . 22 14 4 . 1 . . Haulers Intercepted . | . . . . . . . . . . . . . . . Recyclers Shooed 1 | . . . . . . . . 1 . . . . . . Parts Field Recycled . | . . . . . . . . . . . . . . . Retrieved Matter . | . . . . . . . . . . . . . . . Parts Self-Destructed 33 | . . . . . . 4 1 . 17 11 . . . . Prevented 1 | . . . . . . . 1 . . . . . . . Kills | -11 -10 -10 -9 -8 -7 -7 -7 -6 -6 -6 -5 -5 -4 -3 ------- Run | Scr Mat Min Mat Mat Fac Low Low Fac Low Low Fac DSF Fac Res Combat Hostiles Destroyed 110 | 1 11 2 22 25 25 1 . 9 8 5 . 1 . . Guns 46 | 1 11 2 9 7 7 . . 3 4 2 . . . . Cannons 54 | . . . 13 16 13 1 . 4 4 2 . 1 . . AOE 7 | . . . . 2 4 . . 1 . . . . . . Classes Destroyed 13 | 1 3 . 2 4 3 . . . . . . . . . Worker 7 | . 1 . 1 4 1 . . . . . . . . . Builder 1 | . . . . 1 . . . . . . . . . . Recycler 2 | . . . . . 2 . . . . . . . . . Operator 3 | . . . 1 2 . . . . . . . . . . Watcher 9 | . 3 . 3 2 1 . . . . . . . . . Swarmer 25 | . 5 . 8 4 7 . . . 1 . . . . . Grunt 50 | 1 6 2 7 13 12 . . 3 3 3 . . . . Brawler 3 | . . . . 1 . . . . 2 . . . . . Duelist 3 | . . . . 1 1 . . . . 1 . . . . Sentry 19 | . . . 7 5 1 . . 3 2 1 . . . . Specialist 2 | . . . . . 1 . . . . . . 1 . . Hunter 2 | . . . . 1 . 1 . . . . . . . . Programmer 6 | . . . . . 3 . . 3 . . . . . . Thug 1 | . . . . . 1 . . . . . . . . . Best Kill Streak 8 | 1 3 2 5 8 5 1 . 2 6 4 . 1 . . Combat Bots Only 6 | 1 3 2 4 6 5 1 . 2 6 4 . 1 . . Max Kills in Single Turn 2 | 1 2 1 1 2 2 1 . 1 1 1 . 1 . . Gunslinging 1 | . 1 . . . . . . . . . . . . . Exploded 2 | . . . . 1 2 . . 1 . . . . . . Melee . | . . . . . . . . . . . . . . . Uniques/NPCs Destroyed . | . . . . . . . . . . . . . . . Combat | -11 -10 -10 -9 -8 -7 -7 -7 -6 -6 -6 -5 -5 -4 -3 -------- Run | Scr Mat Min Mat Mat Fac Low Low Fac Low Low Fac DSF Fac Res Damage Taken 11506 | 67 305 274 798 1167 2086 230 . 902 752 1269 . 1669 344 1643 Core 3322 | . 90 109 113 124 269 12 . 92 60 207 . 667 261 1318 Absorbed by Shields 966 | . . . . 275 353 . . 281 37 . . 20 . . Regen/Repaired (Parts) 589 | . 21 . 79 257 232 . . . . . . . . . Core Remaining (%) 61 | 100 . 20 71 77 . . 59 . . 57 . 33 77 . Volleys Fired 397 | 5 34 9 65 84 84 10 . 35 30 31 . 9 . 1 Largest 2 | 2 2 2 2 2 2 2 . 2 2 2 . 2 . 1 Hottest 170 | 90 100 100 124 123 155 108 . 108 155 170 . 142 . 5 Shots Fired 748 | 10 67 16 130 168 163 19 . 67 55 42 . 10 . 1 Gun 399 | 10 67 16 81 84 44 9 . 36 32 20 . . . . Cannon 329 | . . . 49 78 115 10 . 31 15 21 . 10 . . Launcher 16 | . . . . 6 4 . . . 6 . . . . . Special 4 | . . . . . . . . . 2 1 . . . 1 Kinetic 214 | . . 4 . 110 39 9 . 35 12 . . 5 . . Thermal 514 | 10 67 12 130 52 120 10 . 32 35 41 . 5 . . Explosive 10 | . . . . 6 4 . . . . . . . . . Electromagnetic 6 | . . . . . . . . . 6 . . . . . Robot Hit Streak 17 | 5 10 6 11 17 9 5 . 12 12 13 . 7 . 2 Robot Miss Streak 7 | 3 5 3 5 7 4 1 . 3 3 3 . 3 . . Penetration Max 1 | . . . . . . . . 1 . . . . . . Secondary Targets 5 | . 4 1 . . . . . . . . . . . . Max Gunslinging Chain 1 | . 1 1 . . . . . . . . . . . . Shots Hit Robots 460 | 6 39 11 83 99 81 13 . 44 43 34 . 6 . 1 Core Hits 247 | 2 24 5 35 59 45 3 . 19 33 19 . 2 . 1 Critical Kills 3 | . . . . . . . . 2 1 . . . . . Critical Parts Destroyed 1 | . . . . . . . . 1 . . . . . . Critical Strikes 17 | . 3 . 2 5 3 . . 3 1 . . . . . Burn 8 | . 3 . 2 . 3 . . . . . . . . . Meltdown 1 | . . . . . . . . 1 . . . . . . Destroy 4 | . . . . 1 . . . 2 1 . . . . . Blast 4 | . . . . 4 . . . . . . . . . . Melee Attacks . | . . . . . . . . . . . . . . . Impact . | . . . . . . . . . . . . . . . Slashing . | . . . . . . . . . . . . . . . Piercing . | . . . . . . . . . . . . . . . Sneak Attacks . | . . . . . . . . . . . . . . . Combat Hostiles . | . . . . . . . . . . . . . . . Follow-up Attacks . | . . . . . . . . . . . . . . . Damage Inflicted 10512 | 85 503 151 1481 2434 2297 260 . 1208 994 924 . 166 . 9 Guns 4799 | 85 503 151 845 979 527 82 . 478 673 476 . . . . Cannons 4771 | . . . 636 1010 1459 178 . 646 228 448 . 166 . . Explosions 922 | . . . . 434 311 . . 84 93 . . . . . Melee . | . . . . . . . . . . . . . . . Ramming 20 | . . . . 11 . . . . . . . . . 9 Kinetic 2413 | . . 38 . 1410 59 82 . 468 257 . . 99 . . Thermal 7157 | 85 503 113 1481 579 1927 178 . 656 644 924 . 67 . . Explosive 829 | . . . . 434 311 . . 84 . . . . . . Electromagnetic 93 | . . . . . . . . . 93 . . . . . Impact . | . . . . . . . . . . . . . . . Slashing . | . . . . . . . . . . . . . . . Piercing . | . . . . . . . . . . . . . . . Highest Corruption 2 | . 1 1 . . . . . . 2 . . 2 . . Average Corruption 1 | . 1 1 . . . . . . 1 . . 2 . . Corruption Purged 2 | . . . . . . . . . 2 . . . . . Corruption Blocked . | . . . . . . . . . . . . . . . Effects 11 | . 6 1 . . . . . . 4 . . . . . Message Errors 3 | . 2 . . . . . . . 1 . . . . . Matter Fused 1 | . . . . . . . . . 1 . . . . . Heat Flow Errors 2 | . 1 . . . . . . . 1 . . . . . Energy Discharges 1 | . . 1 . . . . . . . . . . . . Data Loss (minor) 2 | . 1 . . . . . . . 1 . . . . . Data Loss (major) 1 | . 1 . . . . . . . . . . . . . Weapon Failures 1 | . 1 . . . . . . . . . . . . . Overload Shots . | . . . . . . . . . . . . . . . Overflow Damage 103 | . . . 2 16 7 . . 78 . . . . . . Projectiles 22 | . . . 2 16 4 . . . . . . . . . Explosions 81 | . . . . . 3 . . 78 . . . . . . Melee . | . . . . . . . . . . . . . . . Knockbacks 9 | . . . . 7 2 . . . . . . . . . Impact . | . . . . . . . . . . . . . . . Kinetic 8 | . . . . 6 2 . . . . . . . . . Secondary 1 | . . . . 1 . . . . . . . . . . Self-Inflicted Damage 175 | . . . . 12 . . . 159 . . . . . 4 Shots 3 | . . . . 1 . . . 2 . . . . . . Rammed 4 | . . . . 2 . . . . . . . . . 2 Targets Rammed 4 | . . . . 2 . . . . . . . . . 2 Kicked . | . . . . . . . . . . . . . . . Crushed . | . . . . . . . . . . . . . . . Highest Temperature 377 | 180 243 146 179 181 210 . . 344 377 240 . 8 . . Average Temperature 70 | 97 78 100 40 52 52 . . 103 119 122 . 6 . . Received Heat Transfer 2564 | 36 123 156 267 531 467 . . 236 153 465 . . 12 118 Effects 5 | . . . . . . . . 2 1 2 . . . . Shutdowns 1 | . . . . . . . . . 1 . . . . . Energy Bleed 3 | . . . . . . . . 1 . 2 . . . . Damage (minor) 1 | . . . . . . . . 1 . . . . . . Siege Activations . | . . . . . . . . . . . . . . . Robots Corrupted . | . . . . . . . . . . . . . . . Combat Hostiles . | . . . . . . . . . . . . . . . Parts Fried . | . . . . . . . . . . . . . . . Impact Corruptions . | . . . . . . . . . . . . . . . Robots Melted 3 | . . . . . 1 . . 1 . 1 . . . . Combat Hostiles 3 | . . . . . 1 . . 1 . 1 . . . . Parts Melted 28 | . 5 . 6 1 10 . . 4 . 2 . . . . Heat Transferred 14974 | 211 1666 333 3367 1073 3488 350 . 1225 1361 1800 . 100 . . Parts Sabotaged . | . . . . . . . . . . . . . . . Parts Stolen . | . . . . . . . . . . . . . . . Parts Stripped . | . . . . . . . . . . . . . . . Power Chain Reactions . | . . . . . . . . . . . . . . . Missiles Intercepted . | . . . . . . . . . . . . . . . Alert | -11 -10 -10 -9 -8 -7 -7 -7 -6 -6 -6 -5 -5 -4 -3 ------- Run | Scr Mat Min Mat Mat Fac Low Low Fac Low Low Fac DSF Fac Res Peak Influence 714 | 20 198 75 465 714 594 . . 174 . . 14 35 34 252 Initial 286 | . 13 30 29 183 286 . . . . . . . 7 17 Average 247 | 3 71 66 235 421 476 . . 66 . . 4 18 15 95 Maximum Alert Level 3 | . . . 2 3 2 . . . . . . . . 1 Low Security (%) 49 | 100 100 100 36 7 . . . 100 . . 100 100 100 92 Level 1 19 | . . . 53 41 13 . . . . . . . . 7 Level 2 28 | . . . 9 37 86 . . . . . . . . . Level 3 2 | . . . . 13 . . . . . . . . . . Level 4 . | . . . . . . . . . . . . . . . Level 5 . | . . . . . . . . . . . . . . . High Security . | . . . . . . . . . . . . . . . Max Security . | . . . . . . . . . . . . . . . Squads Dispatched 34 | . 3 . 3 5 9 . . 5 . 1 1 3 1 3 Investigation 8 | . . . . 1 4 . . 1 . . 1 . 1 . Extermination 6 | . . . . . 2 . . 4 . . . . . . Reinforcement 16 | . 3 . 3 2 2 . . . . . . 3 . 3 Assault 4 | . . . . 2 1 . . . . 1 . . . . Garrison . | . . . . . . . . . . . . . . . Intercept . | . . . . . . . . . . . . . . . Searches Triggered . | . . . . . . . . . . . . . . . Construction Impeded 2 | . . . . . 1 . . . . . . . . 1 Haulers Reinforced . | . . . . . . . . . . . . . . . Active Scanning Responses . | . . . . . . . . . . . . . . . Cargo Convoy Interrupts . | . . . . . . . . . . . . . . . Stealth | -11 -10 -10 -9 -8 -7 -7 -7 -6 -6 -6 -5 -5 -4 -3 --------- Run | Scr Mat Min Mat Mat Fac Low Low Fac Low Low Fac DSF Fac Res Distress Signals 4 | . 1 . . 2 1 . . . . . . . . . Communications Jammed . | . . . . . . . . . . . . . . . Distress Signals . | . . . . . . . . . . . . . . . Times Spotted 235 | 1 19 2 41 41 42 1 . 20 11 12 . 16 7 22 Peak Tracking Total 14 | 1 3 2 5 7 6 1 . 10 7 8 . 9 6 14 Tactical Retreats 18 | . 1 . 1 2 2 . . . . 4 . 3 1 4 Traps | -11 -10 -10 -9 -8 -7 -7 -7 -6 -6 -6 -5 -5 -4 -3 ------- Run | Scr Mat Min Mat Mat Fac Low Low Fac Low Low Fac DSF Fac Res Traps Triggered 10 | . 1 . 1 2 2 . . 1 . . . 1 . 2 Indirectly . | . . . . . . . . . . . . . . . Trap Hack Attempts . | . . . . . . . . . . . . . . . Triggered . | . . . . . . . . . . . . . . . Disarmed 4 | . . . . . . . . 4 . . . . . . Reprogrammed . | . . . . . . . . . . . . . . . Reused . | . . . . . . . . . . . . . . . Traps Extracted . | . . . . . . . . . . . . . . . Installed . | . . . . . . . . . . . . . . . Triggered 3 | . . . . . . . 3 . . . . . . . Machines | -11 -10 -10 -9 -8 -7 -7 -7 -6 -6 -6 -5 -5 -4 -3 ---------- Run | Scr Mat Min Mat Mat Fac Low Low Fac Low Low Fac DSF Fac Res Machines Disabled 10 | . . . 1 6 1 . . 2 . . . . . . Max in Single Turn 1 | . . . 1 1 1 . . 1 . . . . . . Garrison Access 2 | . . . . . 1 . . . . . . . 1 . Machines Sabotaged . | . . . . . . . . . . . . . . . Garrisons Compromised . | . . . . . . . . . . . . . . . Overloaded Fab Kills . | . . . . . . . . . . . . . . . Hacking | -11 -10 -10 -9 -8 -7 -7 -7 -6 -6 -6 -5 -5 -4 -3 --------- Run | Scr Mat Min Mat Mat Fac Low Low Fac Low Low Fac DSF Fac Res Machines Accessed 54 | . 6 . 11 9 14 1 . 7 . . 3 . 3 . Terminals 30 | . 5 . 6 5 5 1 . 5 . . 2 . 1 . Fabricators 4 | . . . . . 2 . . . . . 1 . 1 . Repair Stations 7 | . 1 . 1 2 2 . . 1 . . . . . . Recycling Units 6 | . . . 2 . 3 . . 1 . . . . . . Scanalyzers 5 | . . . 2 2 1 . . . . . . . . . Garrison Access 2 | . . . . . 1 . . . . . . . 1 . Total Hacks 166 | . 24 . 40 33 29 1 . 23 . . 8 . 8 . Successful 114 | . 13 . 31 24 17 1 . 17 . . 4 . 7 . Failed 52 | . 11 . 9 9 12 . . 6 . . 4 . 1 . Catastrophic 4 | . 1 . . . . . . 2 . . 1 . . . Database Lockouts . | . . . . . . . . . . . . . . . Manual 35 | . 8 . 4 8 3 1 . 8 . . 2 . 1 . Terminals 95 | . 22 . 17 15 10 1 . 21 . . 5 . 4 . Fabricators 8 | . . . . . 2 . . . . . 3 . 3 . Repair Stations 24 | . 2 . 4 12 5 . . 1 . . . . . . Recycling Units 12 | . . . 4 . 7 . . 1 . . . . . . Scanalyzers 24 | . . . 15 6 3 . . . . . . . . . Garrison Access 3 | . . . . . 2 . . . . . . . 1 . Terminal Hacks 49 | . 11 . 9 8 4 1 . 12 . . 2 . 2 . Record 13 | . . . 2 5 1 1 . 4 . . . . . . Part Schematic 3 | . . . . . . . . 2 . . . . 1 . Robot Analysis 1 | . . . . . 1 . . . . . . . . . Prototype ID Bank 5 | . 1 . 2 1 . . . 1 . . . . . . Open DSF 4 | . . . . . 2 . . 1 . . 1 . . . Branch Access Points 1 | . . . . . . . . 1 . . . . . . Emergency Access Points 6 | . 2 . 1 2 . . . 1 . . . . . . Alert Level 2 | . 1 . . . . . . . . . 1 . . . Unreport Threat 1 | . . . . . . . . . . . . . 1 . Locate Traps 2 | . 2 . . . . . . . . . . . . . Disarm Traps 1 | . . . . . . . . 1 . . . . . . Dispatch Records 1 | . . . 1 . . . . . . . . . . . Maintenance Status 2 | . 2 . . . . . . . . . . . . . Security Status 1 | . 1 . . . . . . . . . . . . . Surveillance Status 2 | . . . 1 . . . . 1 . . . . . . Hauler Manifests 2 | . 1 . 1 . . . . . . . . . . . Zone Layout 2 | . 1 . 1 . . . . . . . . . . . Fabricator Hacks 5 | . . . . . 1 . . . . . 1 . 3 . Network Status 1 | . . . . . 1 . . . . . . . . . Load Schematic 2 | . . . . . . . . . . . 1 . 1 . Build 2 | . . . . . . . . . . . . . 2 . Repair Station Hacks 20 | . 2 . 4 9 4 . . 1 . . . . . . Scan Component 10 | . 1 . 2 5 2 . . . . . . . . . Repair 9 | . 1 . 2 4 2 . . . . . . . . . Refit 1 | . . . . . . . . 1 . . . . . . Recycling Unit Hacks 10 | . . . 4 . 5 . . 1 . . . . . . Process 4 | . . . 1 . 3 . . . . . . . . . Report Inventory 5 | . . . 2 . 2 . . 1 . . . . . . Retrieve Matter 1 | . . . 1 . . . . . . . . . . . Scanalyzer 19 | . . . 14 4 1 . . . . . . . . . Insert Component 10 | . . . 7 2 1 . . . . . . . . . Analyze 9 | . . . 7 2 . . . . . . . . . . Garrison Access Hacks 2 | . . . . . 1 . . . . . . . 1 . Seal Access 2 | . . . . . 1 . . . . . . . 1 . Unauthorized Hacks 9 | . . . . 3 1 . . 3 . . 1 . 1 . Terminals 9 | . . . . 3 1 . . 3 . . 1 . 1 . Botnet 9 | . . . . 3 1 . . 3 . . 1 . 1 . Fabricators . | . . . . . . . . . . . . . . . Repair Stations . | . . . . . . . . . . . . . . . Recycling Units . | . . . . . . . . . . . . . . . Scanalyzers . | . . . . . . . . . . . . . . . Garrison Access . | . . . . . . . . . . . . . . . Data Cores Recovered 1 | . . . . 1 . . . . . . . . . . Used 1 | . . . . 1 . . . . . . . . . . Hacking Detections 42 | . 6 . 9 9 9 . . 5 . . 2 . 2 . Full Trace Events 9 | . . . 1 1 4 . . 1 . . 1 . 1 . Feedback Events . | . . . . . . . . . . . . . . . Feedback Blocked . | . . . . . . . . . . . . . . . Robot Schematics Acquired . | . . . . . . . . . . . . . . . Robots Built . | . . . . . . . . . . . . . . . Authchips . | . . . . . . . . . . . . . . . Time . | . . . . . . . . . . . . . . . Total Robot Build Rating . | . . . . . . . . . . . . . . . Part Schematics Acquired 10 | . . . 6 1 . . . 2 . . . . 1 . Parts Built 2 | . . . . . . . . . . . . . 2 . Authchips . | . . . . . . . . . . . . . . . Time 179 | . . . . . . . . . . . . . 179 . Total Part Build Rating 4 | . . . . . . . . . . . . . 4 . Parts Repaired 9 | . 1 . 2 4 2 . . . . . . . . . Time 298 | . 26 . 70 158 44 . . . . . . . . . Parts Recycled . | . . . . . . . . . . . . . . . Recycled Matter 288 | . . . 184 . 104 . . . . . . . . . Retrieved Matter 242 | . . . 242 . . . . . . . . . . . Retrieved Components . | . . . . . . . . . . . . . . . Parts Scanalyzed 8 | . . . 6 1 1 . . . . . . . . . Part Schematics Acquired 7 | . . . 6 1 . . . . . . . . . . Parts Damaged . | . . . . . . . . . . . . . . . Bothacking | -11 -10 -10 -9 -8 -7 -7 -7 -6 -6 -6 -5 -5 -4 -3 ------------ Run | Scr Mat Min Mat Mat Fac Low Low Fac Low Low Fac DSF Fac Res Used RIF Installer . | . . . . . . . . . . . . . . . Robots Hacked 1 | . . . . . . . . . . . . . . 1 Non-combat . | . . . . . . . . . . . . . . . Combat 1 | . . . . . . . . . . . . . . 1 Robot Hacks Applied 1 | . . . . . . . . . . . . . . 1 parse_system 1 | . . . . . . . . . . . . . . 1 Relay Couplers Released . | . . . . . . . . . . . . . . . Fabnet Peak Effective % . | . . . . . . . . . . . . . . . Robots Rewired 2 | . . . . . . . . . 2 . . . . . Allies Hacked . | . . . . . . . . . . . . . . . Hacks Repelled . | . . . . . . . . . . . . . . . Allies | -11 -10 -10 -9 -8 -7 -7 -7 -6 -6 -6 -5 -5 -4 -3 -------- Run | Scr Mat Min Mat Mat Fac Low Low Fac Low Low Fac DSF Fac Res Total Allies 5 | . . 3 . . . . . . 2 . . . . . Largest Group 3 | . . 3 3 . . . . . 2 1 . . . . Highest-Rated Group 61 | . . 40 40 . . . . . 61 32 . . . . Highest-Rated Ally 32 | . . 16 16 . . . . . 32 32 . . . . Total Orders . | . . . . . . . . . . . . . . . Ally Attacks 45 | . . . 31 . . . . . 10 4 . . . . Total Damage 894 | . . . 310 . . . . . 406 178 . . . . Kills 15 | . . . 10 . . . . . 2 3 . . . . Allies Corrupted . | . . . . . . . . . . . . . . . Allies Melted . | . . . . . . . . . . . . . . . Intel | -11 -10 -10 -9 -8 -7 -7 -7 -6 -6 -6 -5 -5 -4 -3 ------- Run | Scr Mat Min Mat Mat Fac Low Low Fac Low Low Fac DSF Fac Res Robot Analysis Total 1 | . . . . . 1 . . . . . . . . . Derelict Logs Recovered 4 | . . . . . . 1 . . 2 1 . . . . Drone Launches . | . . . . . . . . . . . . . . . Drone Recoveries . | . . . . . . . . . . . . . . . Exploration | -11 -10 -10 -9 -8 -7 -7 -7 -6 -6 -6 -5 -5 -4 -3 ------------- Run | Scr Mat Min Mat Mat Fac Low Low Fac Low Low Fac DSF Fac Res Turns Passed 14948 | 72 1061 122 1697 1612 2130 565 507 1569 2804 1754 490 176 229 160 Spaces Moved 9693 | 64 957 86 1316 1119 1413 459 420 1001 1255 697 186 180 295 245 Core 312 | 16 . . . . . . . . . . . 90 23 183 Treads 583 | . . . . . . . . . . 396 186 1 . . Legs 5233 | . . . 253 131 1413 459 420 1001 1255 301 . . . . Wheels 3172 | 48 957 86 1063 988 . . . . . . . . . 30 Hover 304 | . . . . . . . . . . . . . 272 32 Flight 89 | . . . . . . . . . . . . 89 . . Fastest Speed 40 | 50 80 100 90 90 110 115 115 118 125 160 240 40 50 50 Average Speed 122 | 72 90 100 98 97 120 115 115 121 156 236 259 70 68 59 Slowest Speed 450 | 80 100 115 190 270 186 115 115 127 270 400 320 450 70 250 Overloaded Moves . | . . . . . . . . . . . . . . . Propulsion Burnouts . | . . . . . . . . . . . . . . . Robots Hopped . | . . . . . . . . . . . . . . . Cave-ins Triggered . | . . . . . . . . . . . . . . . Exploration Rate (%) 45 | 6 94 21 85 69 37 61 30 20 94 63 4 82 9 14 Regions Visited 14 Branch Regions 5 Pre-discovered Areas . | . . . . . . . . . . . . . . . Known Exits Taken 4 | . . . . . . 1 1 1 . . 1 . . . Unknown Exits Taken 9 | 1 1 1 1 1 1 . . . 1 1 . . 1 . Scrap Searched 7 | . . 1 . . . 2 . . 1 3 . . . . Spaces Dug 1 | . . . . 1 . . . . . . . . . . Terrain Destroyed 166 | . . . . 57 45 . . 57 . 6 . 1 . . Melee . | . . . . . . . . . . . . . . . Projectile 19 | . . . . 12 . . . . . 6 . 1 . . AOE 147 | . . . . 45 45 . . 57 . . . . . . Terrain Rammed . | . . . . . . . . . . . . . . . Walls Destroyed . | . . . . . . . . . . . . . . . Machines Disabled . | . . . . . . . . . . . . . . . Actions | -11 -10 -10 -9 -8 -7 -7 -7 -6 -6 -6 -5 -5 -4 -3 --------- Run | Scr Mat Min Mat Mat Fac Low Low Fac Low Low Fac DSF Fac Res Total 12022 | 75 1087 105 1605 1481 1683 478 444 1284 2032 757 194 218 320 259 Wait 1546 | . 64 7 137 197 121 2 25 227 727 12 . 3 24 . Move 9679 | 63 956 85 1315 1118 1412 458 419 1000 1254 696 185 179 294 245 Hop . | . . . . . . . . . . . . . . . Pick Up 67 | . 8 . 22 19 8 1 . 4 1 4 . . . . Fast Attach 68 | 5 7 1 9 10 10 . . 3 4 3 5 5 2 4 Attach 80 | . 2 2 14 14 16 4 . 9 8 7 1 2 . 1 Detach 63 | . 4 . 11 10 17 2 . 5 4 2 2 4 . 2 Swap 23 | 2 4 . 9 4 3 . . 1 . . . . . . Drop 77 | . 8 1 23 23 12 1 . . . 2 1 2 . 4 Fire 397 | 5 34 9 65 84 84 10 . 35 30 31 . 9 . 1 Melee . | . . . . . . . . . . . . . . . Ram 4 | . . . . 2 . . . . . . . . . 2 Kick . | . . . . . . . . . . . . . . . Crush . | . . . . . . . . . . . . . . . Escape Stasis 14 | . . . . . . . . . . . . 14 . . Rewire 4 | . . . . . . . . . 4 . . . . . Trap . | . . . . . . . . . . . . . . . Miscellaneous . | . . . . . . . . . . . . . . . Route ------- -11/Scrapyard -10/Materials (discovered 5 exits: *Mat x3 / [*Min x2]) -10/Mines -9/Materials (discovered 5 exits: *Mat x2 / [*Min x2] / [*Sto]) -8/Materials (discovered 2 exits: *Fac x2) -7/Factory (discovered 2 exits: *Fac / *Low) -7/Lower Caves -7/Lower Caves -6/Factory (discovered 2 exits: *Low x2) -6/Lower Caves -6/Lower Caves -5/Factory (discovered 2 exits: Fac / DSF) -5/DSF -4/Factory -3/Research History --------- Turn | Location | Event 2 | -11/Scrapyard | Met Revision 17 44 | -11/Scrapyard | Discovered new exit (range 8) 73 | -11/Scrapyard | Entered Materials 312 | -10/Materials | Build established: Mutant 472 | -10/Materials | Discovered new exit (range 17) 690 | -10/Materials | Discovered new exit (range 9) 751 | -10/Materials | Discovered new exit (range 16) 912 | -10/Materials | Repaired Com. Wheel 922 | -10/Materials | Discovered new exit (range 7) 1126 | -10/Materials | Discovered new exit (range 8) 1134 | -10/Materials | Entered Mines 1145 | -10/Mines | Core integrity fell below 50% 1241 | -10/Mines | Discovered new exit (range 9) 1252 | -10/Mines | Assisted by bots powering up and referring to "LRC-V3" 1256 | -10/Mines | Entered Materials 1256 | -9/Materials | Accompanied by 3 allies 1256 | -9/Materials | Evolved 2 slots: Propulsion x1, Utility x1 1461 | -9/Materials | Discovered new exit (range 15) 1685 | -9/Materials | Build established: Scavenger-Mutant 1771 | -9/Materials | Discovered new exit (range 13) 1995 | -9/Materials | Build established: Mutant 2297 | -9/Materials | Repaired Med. Storage Unit 2478 | -9/Materials | Repaired Broken Arm. Wheel 2598 | -9/Materials | Discovered new exit (range 5) 2711 | -9/Materials | Discovered new exit (range 8) 2950 | -9/Materials | Discovered new exit (range 4) 2953 | -9/Materials | Entered another Materials area 2953 | -8/Materials | Evolved 2 slots: Propulsion x1, Utility x1 3572 | -8/Materials | Discovered new exit (range 14) 3745 | -8/Materials | Repaired Broken Arm. Wheel 3791 | -8/Materials | Repaired Broken Arm. Wheel 3941 | -8/Materials | Repaired Hrd. Medium Armor Plating 3975 | -8/Materials | Repaired Shield Generator 4082 | -8/Materials | Discovered new exit (range 16) 4553 | -8/Materials | First assault squad dispatched 4565 | -8/Materials | Entered Factory 4565 | -7/Factory | Evolved 2 slots: Utility x2 4913 | -7/Factory | Repaired Imp. Titanium Leg 5486 | -7/Factory | Lost 3 parts (2u1w) 5774 | -7/Factory | Build established: Scavenger-Mutant 6165 | -7/Factory | First assault squad dispatched 6506 | -7/Factory | Discovered new exit (range 6) 6546 | -7/Factory | Repaired Imp. Titanium Leg 6611 | -7/Factory | Discovered new exit (range 6) 6695 | -7/Factory | Entered Lower Caves 7148 | -7/Lower Caves | Learned Factory terminal intel 7198 | -7/Lower Caves | Discovered new exit (range 14) 7259 | -7/Lower Caves | Identified exit to Lower Caves 7260 | -7/Lower Caves | Entered another Lower Caves area 7346 | -7/Lower Caves | Discovered new exit (range 6) 7351 | -7/Lower Caves | Identified exit to Factory 7767 | -7/Lower Caves | Entered Factory 7767 | -6/Factory | Evolved 2 slots: Power x1, Propulsion x1 7768 | -6/Factory | Loaded intel: 26 terminal locations 7897 | -6/Factory | Identified exit to Lower Caves 8063 | -6/Factory | Build established: Mutant 8652 | -6/Factory | Lost 4 parts (2n2u) 9336 | -6/Factory | Entered Lower Caves 9417 | -6/Lower Caves | Attracted the attention of an 0b10 outpost 9474 | -6/Lower Caves | Lost 5 parts (1n3u1w) 9892 | -6/Lower Caves | Spotted B-75 Beast 11028 | -6/Lower Caves | Allies destroyed B-75 Beast 11051 | -6/Lower Caves | Lost 7 parts (1p3n2u1w) 11448 | -6/Lower Caves | Encountered a Warlord checkpoint 11451 | -6/Lower Caves | Learned location of 1 exit from Factory 11570 | -6/Lower Caves | Learned Factory stockpile data 11683 | -6/Lower Caves | Attracted the attention of an 0b10 checkpoint 12021 | -6/Lower Caves | Discovered new exit (range 5) 12140 | -6/Lower Caves | Entered another Lower Caves area 12140 | -6/Lower Caves | Accompanied by 1 ally 12693 | -6/Lower Caves | Attracted the attention of an 0b10 outpost 12763 | -6/Lower Caves | Lost 4 parts (1p1n1u1w) 12968 | -6/Lower Caves | Learned Factory emergency access door positions 13061 | -6/Lower Caves | Spotted B-75 Beast 13097 | -6/Lower Caves | Build established: Scavenger-Mutant 13551 | -6/Lower Caves | Discovered new exit (range 15) 13578 | -6/Lower Caves | Lost 3 parts (1p1n1w) 13846 | -6/Lower Caves | Build established: Mutant 13894 | -6/Lower Caves | Entered Factory 13894 | -5/Factory | Evolved 2 slots: Utility x1, Weapon x1 13895 | -5/Factory | Identified exit to Factory 14384 | -5/Factory | Identified exit to DSF 14384 | -5/Factory | Entered DSF 14422 | -5/DSF | Additional patrols routed to DSF 14427 | -5/DSF | Lost 6 parts (1p2n2u1w) 14542 | -5/DSF | Core integrity fell below 50% 14553 | -5/DSF | Discovered exit to Factory (range 15) 14560 | -5/DSF | Entered Factory 14560 | -4/Factory | Evolved 2 slots: Propulsion x1, Utility x1 14567 | -4/Factory | Lost 4 parts (2p1n1u) 14716 | -4/Factory | Fabricated Arm. Wheel? 14768 | -4/Factory | Discovered new exit (range 13) 14789 | -4/Factory | Entered Research 14789 | -3/Research | Evolved 2 slots: Power x1, Utility x1 14885 | -3/Research | Core integrity fell below 50% 14920 | -3/Research | Core integrity fell below 20% 14949 | -3/Research | Destroyed by S-43 Plague with Heavy Machine Gun Last Messages --------------- ALERT: Suspicious intruders detected, dispatching Cutter reinforcements to area. Acquired Hvy. Disruptor Cannon. Slug penetrates Wall. Slammed into U-05 Engineer. ALERT: Construction progress impeded, dispatching reinforcements to local area. Slammed into U-05 Engineer. U-05 Engineer builds a Wall. K-01 Serf cleans the Catalytron. Slug penetrates Catalytron. Slug penetrates S-43 Plague. Scanalyzer disabled. K-01 Serf cleans the Catalytron. U-05 Engineer builds a Wall. Triggered Blade Trap. Massive razor-sharp blades shoot up from within the floor. K-01 Serf cleans the Terminal. [Achievement: 5k Club] [Achievement: 10k Club] Map ----- +----------------------------------------------------+ | ?????????????????????????????????????????????????? | | ?????????????????????????????????????????????????? | | ?????????????????????????????????????????????????? | | ?????????????????????????????????????????????????? | | ?????????????????????????????????????????????????? | | ?????????????????????????????????????????????????? | | ?????????????????????????????????????????????????? | | ?????????????????????????????????????????????????? | | ?????????????????????????????????????????????????? | | ?????????????????????????????????????????????????? | | ?????????????????????????????????????????????????? | | ?????????????????????????????????????????????????? | | ?????????????????????????????????????????????????? | | ?????????????????????????????????????????????????? | | ?????????????????????????????????????????????????? | | ?????????????????????????????????????????????????? | | ?????????????????????????????????????????????????? | | ?????????????????????????????????????????????????? | | ?????????????????????????????????????????????????? | | ?????????????????????????????????????????????????? | | ????????????????????????#######??????????????????? | | ????????????????????????+ +??????????????????? | | ????????????????????????# #??????????????????? | | ????????????????????????# #??????????????????? | | ????????????????????????# +??????????????????? | | ????????????????????????#@ #?????????????????????? | | ????????????????????????# #?????????????????????? | | ????????????????????????# #?????????????????????? | | ????????????????####+#### ########### ???????? | | ????????????????# ??????? | | ????????????????# ??????? | | ????????????????# ??????? | | ???????????? w sk ??????? | | ????????????######+########/###########+#######??? | | ?????????????????????????# s ## ?? !! #??? | | ?????????????????????????# ## ! #??? | | ?????????????????????????# s ## """ #??? | | ?????????????????????????# # """ #??? | | ?????????????????????????# ## """ #??? | | ?????????????????????????# ## #??? | | ?????????????????????????#"" ## #??? | | ?????????????????????????#"" ##"S """ #??? | | ?????????????????????????#"T ##""" """ #??? | | ?????????????????????????#"" ## """ !#??? | | ?????????????????????????#"" ## #??? | | ?????????????????????????# ## #??# | | ?????????????????????????# ##+#########+##??# | | ?????????????????????????#+####### #???????# #???# | | ?????????????????????????# #?????# #???????# #?### | | ????????????????????????## ##????# #??????## ### | +----------------------------------------------------+ Best States ------------- Heat Dissipation 59 Energy Generation 32 Energy Capacity 525 Matter Stores 300 Matter Capacity 300 Sight Range 18 Robot Scan Range 15 Terrain Scan Range 16 Terrain Scan Density 210 Jamming Range 12 Additional Mass Support 9 Corruption Block 20 Armor Coverage 600 Resistance: KI 20 Resistance: TH 20 Resistance: EX 25 Evasion (%) 62 Targeting Accuracy 6 Recoil Reduction 2 Offensive Hacking 10 Defensive Hacking 12 Authchip Count 1 Item Schematics ----------------- Hacking Suite | -9/Materials | Scanalyzed Adv. Beam Cannon | -9/Materials | Scanalyzed Arm. Wheel | -9/Materials | Scanalyzed Lgt. Deuterium Engine | -9/Materials | Scanalyzed Imp. Grenade Launcher | -9/Materials | Scanalyzed Hvy. Particle Gun | -9/Materials | Scanalyzed Cld. Deuterium Engine | -8/Materials | Scanalyzed Lyr. Heavy Armor Plating | -6/Factory | Hacked Adv. Hacking Suite | -6/Factory | Hacked Matter Neutralizer | -4/Factory | Hacked Robot Schematics ------------------ None Fabricated ------------ Arm. Wheel | x2 | -4/Factory Alien Tech Used ----------------- None Achievements -------------- 10k Club 5k Club A New Friend Backstab Crack Shot Dangerous Findings Dynamic Key Everything Is Under Control I Spy It's Just You Just What I Needed Librarian Made in Tau Ceti IV Maximum Efficiency Novice Programmer Omniscient Cartographer Part-time Mechanic Please Form A Line Prolific Hacker Quantum Hacking Risk Taker Serviceable Loadout Shopping List Significant Disruption Streaker Tourist True Hacker Universal Adapter Challenges ------------ None Game ------ Seed ExperimentalThiefMediator Manual? 0 Play Time 03:12:40 Cumulative 7.2 hours Start 2022.04.07 @ 20:00:16 End 2022.04.09 @ 17:38:38 Sessions 2 Manual Loads 0 Difficulty Rogue Special Mode None Game No. 2 Rogue 2 Adventurer 0 Explorer 0 Win Type - Total 0 Types 0/0/0/0/0/0/0/0/0 Lore% 1 Gallery% 9 Achievement% 12 Wizard Run 0 Options --------- ASCII 0 Keyboard 0 Movement Numpad Keybinds 0 Fullscreen 1 Font 24/Crisp Map View 76x50 Tactical HUD 0 Map Filters NONE Filters NONE Steam 0 RUN: 13c2356d-cfb5-44e4-9a03-de888e47c779